 Dungeon Crawl Stone Soup version 0.30-a0-313-gae38170b09 (webtiles) character file.

Game seed: 3642647051142392709

5434 Powertoast the Skirmisher (level 10, -9/83 HPs)
             Began as a Minotaur Hunter on Oct 26, 2022.
             Was a High Priest of Okawaru.
             Mangled by a catoblepas (26 damage)
             ... on level 1 of the Lair of Beasts.
             The game lasted 00:21:31 (6253 turns).

Powertoast the Skirmisher (Minotaur Hunter)         Turns: 6253, Time: 00:21:31

Health: -9/83      AC: 12    Str: 16    XL:     10   Next: 41%
Magic:  7/9        EV: 20    Int:  6    God:    Okawaru [*****.]
Gold:   386        SH:  0    Dex: 18    Spells: 9/9 levels left

rFire   + . .      SeeInvis .    G - +2 arbalest (flame)
rCold   + . .      Faith    .    (shield currently unavailable)
rNeg    + . .      Spirit   .    C - +3 leather armour {rF+}
rPois   .          Reflect  .    (helmet restricted)
rElec   .          Harm     .    (no cloak)
rCorr   .          Rampage  .    B - +1 pair of gloves
Will    .....                    m - +2 pair of boots
Stlth   +++.......               s - amulet of regeneration
HPRegen 1.13/turn                w - ring of positive energy
MPRegen 0.11/turn                x - ring of protection from cold

@: heroic
A: horns 2, retaliatory headbutt
a: Renounce Religion, Heroism, Finesse, Duel


You were on level 1 of the Lair of Beasts.
You worshipped Okawaru.
Okawaru was extremely pleased with you.
You visited 2 branches of the dungeon, and saw 9 of its levels.

You collected 386 gold pieces.

Inventory:

Hand Weapons
 a - a +1 shortbow of flaming
 l - a +2 short sword of venom
 A - a +0 demon blade of venom
 G - a +2 arbalest of flaming (weapon)
Missiles
 q - 2 atropa-tipped darts
Armour
 m - a +2 pair of boots (worn)
 o - the +4 leather armour "Tiemyaca" {Int+6}
   (You found it on level 2 of the Dungeon)

   Int:       It affects your intelligence (+6).
 B - a +1 pair of gloves (worn)
 C - a +3 leather armour of fire resistance (worn)
 F - a +2 buckler of protection
Jewellery
 k - an amulet of magic regeneration
 s - an amulet of regeneration (around neck)
 w - a ring of positive energy (left hand)
 x - a ring of protection from cold (right hand)
Wands
 u - a wand of quicksilver (4)
 y - a wand of paralysis (10)
 E - a wand of polymorph (8)
Scrolls
 b - 2 scrolls of immolation
 f - 2 scrolls of vulnerability
 j - 4 scrolls of brand weapon
 n - 2 scrolls of teleportation
 p - a scroll of poison
 D - a scroll of silence {unknown}
Potions
 c - 3 potions of lignification
 d - 2 potions of haste {unknown}
 e - a potion of mutation {unknown}
 g - 5 potions of magic
 h - 3 potions of curing
 i - 2 potions of attraction {unknown}
 t - a potion of brilliance {unknown}
 v - a potion of invisibility {unknown}
 z - 2 potions of might {unknown}


   Skills:
 + Level 6.2(11.2) Fighting
 * Level 14.8(19.8) Ranged Weapons
 + Level 7.8(12.8) Dodging
 - Level 0.7(5.7) Stealth


You had 9 spell levels left.
You didn't know any spells.
Your spell library contained the following spells:

 Spells                   Type           Power      Damage    Failure   Level
 Ensorcelled Hibernation  Hex/Ice        0%         N/A       65%         2
 Passwall                 Tmut/Erth      0%         N/A       65%         2
 Swiftness                Air            0%         N/A       87%         3


Dungeon Overview and Level Annotations

Branches:
Dungeon (8/15)             Temple (0/1) D:5            Lair (1/5) D:8

Altars:
Cheibriados
Elyvilon
Kikubaaqudgha
Makhleb
Okawaru
Qazlal
Trog
The Shining One

Shops:
D:8 [

Annotations:
D:6 exclusion: downstairs


Innate Abilities, Weirdness & Mutations

You have a pair of horns on your head.
You reflexively headbutt those who attack you in melee.


Message History

The blast of calcifying dust hits you.
The catoblepas gores you but does no damage.
The catoblepas gores you.
The catoblepas gores you but does no damage.
The catoblepas gores you!!
You turn to flesh and can move again.
The catoblepas gores you!!
* * * LOW HITPOINT WARNING * * *
As you read the scroll of fear, it crumbles to dust.
You assume a fearsome visage.
The catoblepas looks frightened!
The catoblepas resists with almost no effort.
The catoblepas breathes a plume of calcifying dust at you.
The blast of calcifying dust hits you but does no damage.
The catoblepas attacks as you move away!
The catoblepas misses you.
Okay, then.
You feel better.
The catoblepas gores you but does no damage.
You gain the combat prowess of a mighty hero.
The catoblepas gores you!
* * * LOW HITPOINT WARNING * * *
You feel better. The catoblepas misses you.
You feel better. The catoblepas completely misses you.
You are too injured to fight recklessly!
You are too injured to fight recklessly!
You shoot a bolt. The bolt hits the catoblepas.
The bolt burns the catoblepas.
The catoblepas is heavily wounded.
The catoblepas breathes a plume of calcifying dust at you.
The blast of calcifying dust hits you but does no damage.
You shoot a bolt. The bolt hits the catoblepas.
The bolt burns the catoblepas.
The catoblepas is heavily wounded.
You are engulfed in calcifying dust.
The catoblepas gores you.
The catoblepas attacks as you move away!
The catoblepas gores you.
You shoot a bolt. The bolt hits the catoblepas!!
The bolt burns the catoblepas.
The catoblepas is almost dead.
The catoblepas gores you!!
* * * LOW HITPOINT WARNING * * *
You feel better. The catoblepas gores you!!
You die...

. #...##.#.......~##~.### ...
#..............~##~....
....#..#.###.......~##~....
........####....§..~##~...P
........)..#...§...~~#~...#
....####...#..§....~~~~...#
#.#####.##.....§.....~##~...#
.........<....§†.....~##~....
#######.....@........~##~.#..
#.##..Y........~~#~....
#.##...#.......~#~~....
#..............~~~~....
###.######.###......###
####.######..##......#
#........###.##.....##
......$~~~~..............# ##
.......≈##Y...P#.........###.


You could see a catoblepas.

Vanquished Creatures
  A hydra (D:7)
  A black mamba (Lair:1)
  A cane toad (Lair:1)
  A troll (D:7)
  5 yaks (D:8)
  A wyvern (D:7)
  Eustachio (D:4)
  5 water moccasins
  An orc warrior (D:8)
  2 ice beasts
  A sky beast (D:8)
  5 black bears (D:8)
  4 centaurs
  A kobold brigand (D:6)
  2 phantoms (D:5)
  4 bullfrogs
  A scorpion (D:4)
  4 wights (D:8)
  A killer bee (D:7)
  3 howler monkeys
  3 jellies
  A hound (D:4)
  A gnoll bouda (D:8)
  An orc priest (D:6)
  2 iguanas
  An orc wizard (D:5)
  4 gnolls (D:8)
  3 adders
  2 shadow imps
  A white imp (D:5)
  An ufetubus (D:6)
  A worm (D:2)
  5 dart slugs
  19 orcs
  4 bats
  4 endoplasms
  7 giant cockroaches
  3 goblins
  5 hobgoblins
  2 jackals (D:2)
  7 quokkas
  8 ball pythons
  8 frilled lizards
  12 kobolds
  7 rats
  A butterfly (D:6)
158 creatures vanquished.

Vanquished Creatures (others)
  38 fungi (D:8)
  55 plants
93 creatures vanquished.

Grand Total: 251 creatures vanquished

Notes
Turn   | Place    | Note
-------+----------+-------------------------------------------
     0 | D:1      | Powertoast the Minotaur Hunter began the quest for the Orb.
     0 | D:1      | Reached XP level 1. HP: 18/18 MP: 0/0
     2 | D:1      | Noticed a merfolk
     4 | D:1      | Noticed an armataur
     4 | D:1      | Noticed an octopode
     6 | D:1      | Noticed a meteoran
     6 | D:1      | Noticed a formicid
     8 | D:1      | Noticed a demigod
     8 | D:1      | Noticed a minotaur
    10 | D:1      | Noticed a naga
    10 | D:1      | Noticed a ghoul
    12 | D:1      | Noticed a spriggan
    12 | D:1      | Noticed a tengu
    14 | D:1      | Noticed an elf
    14 | D:1      | Noticed a demonspawn
    16 | D:1      | Noticed a human
    18 | D:1      | Noticed a gargoyle
    18 | D:1      | Noticed a draconian
    20 | D:1      | Noticed a felid
    22 | D:1      | Noticed a vine stalker
    22 | D:1      | Noticed a troll
    24 | D:1      | Noticed an octopode
    24 | D:1      | Noticed an ogre
    26 | D:1      | Noticed a gargoyle
   104 | D:1      | Reached XP level 2. HP: 25/25 MP: 1/1
   115 | D:1      | Reached skill level 5 in Ranged Weapons
   512 | D:2      | Reached XP level 3. HP: 19/30 MP: 2/2
   632 | D:2      | Found a glowing golden altar of the Shining One.
   639 | D:2      | Identified the +4 leather armour "Tiemyaca" {Int+6}
   806 | D:2      | Reached skill level 6 in Ranged Weapons
  1123 | D:3      | Reached XP level 4. HP: 37/37 MP: 3/3
  1402 | D:3      | Found an iron altar of Okawaru.
  1408 | D:3      | Became a worshipper of Warmaster Okawaru
  1413 | D:3      | Found a bloodstained altar of Trog.
  1414 | D:3      | Found a snail-covered altar of Cheibriados.
  1626 | D:3      | Found a burning altar of Makhleb.
  2052 | D:4      | Noticed a scorpion
  2058 | D:4      | Killed a scorpion
  2059 | D:4      | Reached skill level 7 in Ranged Weapons
  2059 | D:4      | Reached XP level 5. HP: 30/42 MP: 4/4
  2134 | D:4      | Found an ancient bone altar of Kikubaaqudgha.
  2453 | D:4      | Noticed Eustachio
  2923 | D:5      | Entered Level 5 of the Dungeon
  2966 | D:5      | Found a staircase to the Ecumenical Temple.
  3143 | D:5      | Noticed a phantom
  3149 | D:5      | Killed a phantom
  3150 | D:5      | Reached skill level 8 in Ranged Weapons
  3150 | D:5      | Reached XP level 6. HP: 50/50 MP: 5/5
  3200 | D:5      | Reached * piety under Okawaru
  3218 | D:5      | Reached skill level 9 in Ranged Weapons
  3478 | D:5      | Noticed a water moccasin
  3487 | D:5      | Killed a water moccasin
  3488 | D:5      | Reached XP level 7. HP: 48/56 MP: 6/6
  3722 | D:6      | Found a white marble altar of Elyvilon.
  3863 | D:6      | Reached skill level 10 in Ranged Weapons
  3914 | D:6      | Reached ** piety under Okawaru
  4038 | D:6      | Found a stormy altar of Qazlal.
  4043 | D:6      | Reached XP level 8. HP: 62/62 MP: 7/7
  4122 | D:6      | Reached skill level 11 in Ranged Weapons
  4557 | D:7      | Noticed a troll
  4561 | D:7      | Noticed a six-headed hydra
  4567 | D:7      | Killed a troll
  4715 | D:4      | Killed Eustachio
  4943 | D:7      | Found the +1 robe of Vines {NoPotionHeal Regen++++}
  4956 | D:7      | Killed a six-headed hydra
  4956 | D:7      | Reached *** piety under Okawaru
  4957 | D:7      | Reached skill level 12 in Ranged Weapons
  4957 | D:7      | Reached skill level 5 in Dodging
  4957 | D:7      | Reached XP level 9. HP: 46/68 MP: 6/8
  5060 | D:7      | Reached skill level 13 in Ranged Weapons
  5203 | D:7      | Reached **** piety under Okawaru
  5235 | D:7      | Noticed a troll
  5238 | D:7      | Noticed a gargoyle
  5240 | D:7      | Noticed a kobold demonologist
  5295 | D:7      | Identified the +2 sling of Uheqoopt {vorpal, rF+}
  5441 | D:8      | Reached ***** piety under Okawaru
  5442 | D:8      | Reached skill level 14 in Ranged Weapons
  5476 | D:8      | Received a gift from Okawaru
  5485 | D:8      | Reached skill level 5 in Fighting
  5488 | D:8      | Reached XP level 10. HP: 81/81 MP: 9/9
  5508 | D:8      | Found a staircase to the Lair.
  5690 | D:8      | Received a gift from Okawaru
  5741 | D:8      | Found Mabb's Antique Armour Shoppe.
  6027 | Lair:1   | Entered Level 1 of the Lair of Beasts
  6028 | Lair:1   | Noticed a cane toad
  6035 | Lair:1   | Killed a cane toad
  6175 | Lair:1   | Noticed a black mamba
  6183 | Lair:1   | Killed a black mamba
  6224 | Lair:1   | Noticed a catoblepas
  6228 | Lair:1   | Noticed a catoblepas
  6253 | Lair:1   | Mangled by a catoblepas

Illustrated notes

Levels and vault maps discovered:
D:1:      kb_arrival_jail, layout_rooms
D:2:      layout_basic, basic_altar
D:3:      layout_loops_corners, minitemple, lightli_temple_of_fire,
          bh_walls_and_bars
D:4:      layout_cave_pods, mainiacjoe_overflow_paths, uniq_eustachio
D:5:      layout_cave_pods, minmay_temple_entry_overgrown, serial_bayou_pond_d
D:6:      layout_gridville, nicolae_elyvilon_peaceful_grove,
          mainiacjoe_overflow_24_doors, kennysheep_doodads,
          amcnicky_mini_pool_medium
D:7:      minmay_the_grid_square_5x5_3x3 [minmay_the_grid_square_5x5_n_small,
          minmay_the_grid_square_5x5_detours, minmay_the_grid_square_5x5_slash,
          minmay_the_grid_square_5x5_longway,
          minmay_the_grid_square_5x5_megaprize_checkered,
          minmay_the_grid_square_5x5_percent, minmay_the_grid_square_5x5_v,
          minmay_the_grid_square_5x5_bridge,
          minmay_the_grid_square_5x5_one_wall], layout_gridville,
          hellmonk_guarded_unrand_vines
D:8:      layout_loops_ring, due_lair_maze_entry_diamond, serial_shops,
          nicolae_shop_statue_plus
Lair:1:   layout_gridlike, lemuel_old_faithful

Skill      XL: |  1  2  3  4  5  6  7  8  9 10 |
---------------+-------------------------------+-----
Ranged Weapons | 5 6 7 8 9 10 12 14 | 14.8
Dodging        | 5 7 |  7.8
Fighting       | 5 6 |  6.2
Stealth        | |  0.7

Action                   |  1- 3 |  4- 6 |  7- 9 | 10-12 || total
-------------------------+-------+-------+-------+-------++-------
 Fire: Shortbow          |   109 |   116 |   234 |    38 ||   497
       Arbalest          |       |       |       |    33 ||    33
Invok: Heroism           |       |       |     3 |     1 ||     4
  Use: Scroll            |     1 |     7 |     7 |     4 ||    19
       Potion            |       |       |       |     4 ||     4
Armor: Leather armour    |     9 |    13 |    46 |    10 ||    78
Dodge: Dodged            |     9 |    32 |    89 |    12 ||   142

Table legend: (Time is in decaauts)
 A = Elapsed time spent in this place.
 B = Non-inter-level travel time spent in this place.
 C = Inter-level travel time spent in this place.
 D = Time resting spent in this place.
 E = Time spent auto-exploring this place.
 F = Levels seen in this place.
 G = Mean time per level.
                   A        B        C        D        E       F      G
               +--------+--------+--------+--------+--------+-----+--------+
         Total |   6281 |   5784 |    497 |    286 |   4445 |   9 |  697.9 |
       Dungeon |   6050 |   5553 |    497 |    275 |   4292 |   8 |  756.2 |
          Lair |    230 |    230 |      0 |     10 |    153 |   1 |  230.0 |
               +--------+--------+--------+--------+--------+-----+--------+

Top non-repeatable levels by time:
     D:4: 1085 daAuts
     D:6: 983 daAuts
     D:3: 964 daAuts
     D:5: 817 daAuts
     D:8: 710 daAuts
     D:2: 675 daAuts
     D:1: 470 daAuts
     D:7: 342 daAuts
  Lair:1: 230 daAuts
